 Dungeon Crawl Stone Soup version 0.18.1-50-g88ac8fd (webtiles) character file.

10186 wamma the Blocker (level 11, -8/97 HPs)
             Began as a Minotaur Berserker on Sept 15, 2016.
             Was a High Priest of Trog.
             Mangled by a hill giant
             ... wielding a +0 giant spiked club
              (32 damage)
             ... on level 1 of the Orcish Mines.
             The game lasted 00:48:25 (9882 turns).

wamma the Blocker (Minotaur Berserker)              Turns: 9882, Time: 00:48:28

Health: -8/97      AC: 19    Str: 25    XL:     11   Next: 32%
Magic:  10/10      EV: 11    Int:  4    God:    Trog [*****.]
Gold:   1010       SH: 15    Dex: 13    Spells: 0 memorised, 10 levels left

rFire  + . .     SeeInvis .     a - +1 spear
rCold  . . .     Gourm    .     y - +2 chain mail {MR+}
rNeg   . . .     Faith    .     n - +2 shield
rPois  .         Spirit   .     (helmet restricted)
rElec  .         Dismiss  .     O - +0 cloak
rCorr  .         Reflect  .     u - +1 pair of gloves {Dex+3}
SustAt .         Harm     .     (no boots)
MR     +....                    (no amulet)
Stlth  ..........               (no ring)
                                k - +2 ring of protection

@: somewhat resistant to hostile enchantments, extremely unstealthy
A: retaliatory headbutt, horns 2, fire resistance 1, subdued magic 1
a: Berserk, Trog's Hand, Brothers in Arms, Burn Spellbooks, Renounce Religion


You were on level 1 of the Orcish Mines.
You worshipped Trog.
Trog was extremely pleased with you.
You were not hungry.

You visited 2 branches of the dungeon, and saw 11 of its levels.

You collected 1025 gold pieces.
You spent 15 gold pieces at shops.

Inventory:

Hand Weapons
 a - a +1 spear (weapon)
 F - a +0 trident
 M - a +0 giant club
Missiles
 q - 7 poisoned javelins (quivered)
 R - 16 sling bullets
Armour
 n - a +2 shield (worn)
 r - a +1 pair of gloves
 u - a +1 pair of gloves of dexterity (worn)
 v - a +0 ring mail of cold resistance
 y - a +2 chain mail of magic resistance (worn)
 A - a +1 chain mail of poison resistance
 O - a +0 cloak (worn)
Jewellery
 k - a +2 ring of protection (left hand)
Wands
 i - a wand of heal wounds (3/9)
 w - a wand of lightning (3/15)
 I - a wand of lightning (9/15)
 J - a wand of flame (20/48)
 K - a wand of slowing (20/48)
Scrolls
 e - 2 scrolls of remove curse
 l - 3 scrolls of teleportation
 C - 2 scrolls of identify
 E - a scroll of amnesia
 L - a scroll of fear
Potions
 g - 3 potions of heal wounds
 h - a potion of invisibility {unknown}
 j - a potion of berserk rage {unknown}
 o - 5 potions of curing
 p - a potion of lignification {unknown}
 s - 2 potions of haste {unknown}
 t - a potion of cure mutation {unknown}
 x - a potion of mutation {unknown}
 z - 2 potions of degeneration
 B - a potion of cancellation {unknown}
 D - a potion of agility
 G - 2 potions of might
Books
 S - a book of the Dragon

   Spells                             Type                      Level
   a - Flame Tongue                   Conjuration/Fire             1
   b - Cause Fear                     Hexes                        4
   c - Bolt of Fire                   Conjuration/Fire             6
   d - Dragon Form                    Transmutation                7
   e - Dragon's Call                  Summoning                    9
   Trog disapproves of the use of such an item.
Comestibles
 c - a bread ration
 d - 7 meat rations
 f - 5 fruits
 m - a beef jerky
 H - a royal jelly


   Skills:
 + Level 9.1 Fighting
 + Level 10.7 Polearms
 + Level 10.1 Armour
 + Level 7.8 Dodging
 + Level 1.1 Stealth
 + Level 11.0 Shields


You had 10 spell levels left.
You didn't know any spells.

Dungeon Overview and Level Annotations

Branches:
Dungeon (9/15)             Temple (0/1) D:4             Orc (2/2) D:9
    Elf (0/3) Orc:2
   Lair: D:8-11

Altars:
Ashenzari
Cheibriados
Elyvilon
Fedhas
Gozag
Kikubaaqudgha
Nemelex Xobeh
Okawaru
Pakellas
Qazlal
Vehumet
Xom
Yredelemnul
The Shining One

Shops:
D:6 %


Innate Abilities, Weirdness & Mutations

You reflexively headbutt those who attack you in melee.
You have a pair of horns on your head.
Your flesh is heat resistant.
Your spells are a little easier to cast, but a little less powerful.


Message History

You block the deep troll's attack. The deep troll claws you.
* * * LOW HITPOINT WARNING * * *
You are too injured to fight recklessly!
You can't go down here!
You block the hill giant's attack. The deep troll bites you!
* * * LOW HITPOINT WARNING * * *
The deep troll claws you!
* * * LOW HITPOINT WARNING * * *
You block the deep troll's attack.
You climb upwards.
There is a stone staircase leading down, spattered with blood here.
Zapping:
i - a wand of heal wounds (4/9)
Press: ? - help, Shift-Dir - straight line, f - you You feel much better.
This wand has 3 charges left.
You block the deep troll's attack.
The deep troll claws you but does no damage.
The deep troll claws you.
* * * LOW HITPOINT WARNING * * *
The hill giant hits you with a giant spiked club!!
You die...

...................## ##.#....#
....................#########...#
.....##......#......#.#.## ##....
.....#.............#.....###.#...
...................##.#.###......
#.>............#.......#.#.#.....
.............##.................#
...........[.##C)T...............
...........[#[))@<...#..........#
##.........).[)())........###....
............[.[[............##...
..................#........).....
......#...).......#..............
#.#..................#..#.#...##.
.###....#.#.......#..#####.....##
###...##...............#.##.#...#
# ##.####....................#.##


You could see a hill giant and a deep troll.

Vanquished Creatures
  A stone giant (Orc:1)
  Erica (D:8)
  A deep troll (Orc:2)
  An orc sorcerer (Orc:1)
  Joseph (D:7)
  2 trolls
  2 two-headed ogres (Orc:1)
  A hill giant zombie (D:9)
  3 hungry ghosts
  2 wargs (Orc:2)
  2 hippogriffs
  5 orc warriors
  A black bear (D:9)
  A wasp (D:8)
  2 ice beasts (D:9)
  3 phantoms
  3 sky beasts
  13 ogres
  2 centaurs (D:7)
  A crocodile (D:8)
  3 giant frogs
  3 scorpions
  3 killer bees (D:8)
  13 wights
  4 howler monkeys
  7 crimson imps
  A giant frog zombie (D:5)
  3 hounds
  6 orc priests
  A jelly (D:9)
  10 orc wizards
  2 giant frog skeletons
  A centaur skeleton (D:8)
  2 iguanas
  6 worker ants
  A killer bee zombie (D:4)
  7 ogre zombies (D:9)
  A hound skeleton (D:7)
  2 worker ant zombies
  A howler monkey zombie (D:8)
  12 adders
  A shadow imp (D:7)
  An ooze (D:2)
  4 adder skeletons
  2 worms (D:2)
  5 dart slugs
  8 giant geckos
  35 orcs
  2 ball pythons
  8 giant cockroaches
  2 gnoll zombies (D:5)
  3 goblins
  6 hobgoblins
  11 jackals
  6 quokkas
  5 bats
  A giant gecko zombie (D:6)
  4 giant newts
  A goblin skeleton (D:9)
  5 goblin zombies (D:9)
  A hobgoblin skeleton (D:9)
  A hobgoblin zombie (D:9)
  8 kobolds
  3 orc skeletons (D:9)
  14 orc zombies (D:9)
  A quokka skeleton (D:5)
  12 rats
287 creatures vanquished.

Vanquished Creatures (others)
  An ogre mage (Orc:2)
1 creature vanquished.

Grand Total: 288 creatures vanquished

Notes
Turn   | Place    | Note
--------------------------------------------------------------
     0 | D:1      | wamma the Minotaur Berserker began the quest for the Orb.
     0 | D:1      | Reached XP level 1. HP: 19/19 MP: 0/0
   175 | D:1      | Reached XP level 2. HP: 26/27 MP: 1/1
   499 | D:1      | Reached ** piety under Trog
   665 | D:1      | Reached XP level 3. HP: 33/33 MP: 2/2
  1219 | D:2      | Found an iron altar of Okawaru.
  1635 | D:2      | Reached XP level 4. HP: 32/41 MP: 3/3
  1814 | D:2      | Reached *** piety under Trog
  2496 | D:3      | Noticed an ogre
  2506 | D:3      | Killed an ogre
  2506 | D:3      | Reached skill level 5 in Fighting
  2506 | D:3      | Reached skill level 5 in Polearms
  2506 | D:3      | Reached XP level 5. HP: 48/48 MP: 4/4
  2836 | D:4      | Reached XP level 6. HP: 55/56 MP: 5/5
  2997 | D:4      | Found an oddly glowing altar of Pakellas.
  3265 | D:4      | Found a staircase to the Ecumenical Temple.
  3334 | D:4      | Reached **** piety under Trog
  3575 | D:5      | Entered Level 5 of the Dungeon
  3676 | D:5      | Reached skill level 1 in Shields
  3702 | D:5      | Reached XP level 7. HP: 60/61 MP: 6/6
  3774 | D:5      | Found a basalt altar of Yredelemnul.
  4392 | D:5      | Reached skill level 2 in Shields
  4624 | D:6      | Reached skill level 5 in Armour
  4662 | D:6      | Reached skill level 5 in Dodging
  4752 | D:6      | Reached skill level 3 in Shields
  4871 | D:6      | Found a glowing golden altar of the Shining One.
  4875 | D:6      | Found Qugolegu's Food Emporium.
  4911 | D:6      | Reached XP level 8. HP: 57/70 MP: 7/7
  4939 | D:6      | Bought a beef jerky for 15 gold pieces
  4989 | D:6      | Found a white marble altar of Elyvilon.
  5384 | D:6      | Found a shattered altar of Ashenzari.
  5384 | D:6      | Found an ancient bone altar of Kikubaaqudgha.
  5950 | D:7      | Reached skill level 4 in Shields
  5996 | D:7      | Found a shimmering altar of Xom.
  6009 | D:7      | Reached skill level 1 in Stealth
  6305 | D:7      | Reached skill level 5 in Shields
  6312 | D:7      | Noticed Joseph
  6331 | D:7      | Killed Joseph
  6331 | D:7      | Reached XP level 9. HP: 44/78 MP: 8/8
  6483 | D:7      | Found a sparkling altar of Nemelex Xobeh.
  6707 | D:7      | Found a blossoming altar of Fedhas.
  6838 | D:8      | Reached skill level 6 in Shields
  7380 | D:8      | Reached skill level 7 in Shields
  7498 | D:8      | Gained mutation: Your flesh is heat resistant. [mutagenic meat]
  7986 | D:8      | Found an opulent altar of Gozag.
  8043 | D:8      | Found a snail-covered altar of Cheibriados.
  8046 | D:8      | Noticed Erica
  8065 | D:8      | Killed Erica
  8065 | D:8      | Reached skill level 8 in Shields
  8065 | D:8      | Reached XP level 10. HP: 88/88 MP: 9/9
  8066 | D:8      | Found a white marble altar of Elyvilon.
  8092 | D:8      | Found a stormy altar of Qazlal.
  8278 | D:9      | Found a radiant altar of Vehumet.
  8350 | D:9      | Reached ***** piety under Trog
  8415 | D:9      | Reached skill level 9 in Shields
  8511 | D:9      | Found a staircase to the Orcish Mines.
  8575 | D:9      | Gained mutation: Your spells are a little easier to cast, but a little less powerful. [mutagenic meat]
  8947 | Orc:1    | Entered Level 1 of the Orcish Mines
  9224 | Orc:1    | Noticed an orc sorcerer
  9231 | Orc:1    | Noticed a soul eater
  9240 | Orc:1    | Killed an orc sorcerer
  9240 | Orc:1    | Reached skill level 10 in Polearms
  9240 | Orc:1    | Reached skill level 10 in Shields
  9328 | Orc:2    | Entered Level 2 of the Orcish Mines
  9527 | Orc:2    | Found a staircase to the Elven Halls.
  9550 | Orc:2    | Noticed an ogre mage
  9551 | Orc:2    | Noticed a deep troll
  9552 | Orc:2    | Noticed a hill giant
  9552 | Orc:2    | Noticed a stone giant
  9554 | Orc:2    | Noticed a deep troll
  9575 | Orc:2    | Killed a deep troll
  9575 | Orc:2    | Reached XP level 11. HP: 87/95 MP: 10/10
  9577 | Orc:2    | Killed an ogre mage
  9596 | Orc:1    | Received a gift from Trog
  9599 | Orc:1    | HP: 6/142 [ogre/giant club (18)]
  9601 | Orc:1    | Killed a stone giant
  9601 | Orc:1    | Reached skill level 10 in Armour
  9606 | Orc:1    | HP: 6/142 [ogre/giant club (1)]
  9704 | Orc:1    | Reached skill level 11 in Shields
  9882 | Orc:1    | Mangled by a hill giant

Skill      XL: |  1  2  3  4  5  6  7  8  9 10 11 |
---------------+----------------------------------+-----
Fighting       | 4 5 6 8 9 |  9.1
Polearms       | 4 5 6 7 9 10 | 10.7
Armour         | 3 4 5 7 9 10 | 10.1
Dodging        | 3 4 5 6 7 |  7.8
Shields        | 1 3 5 8 10 11 | 11.0
Stealth        | 1 |  1.1

Action                   |  1- 3 |  4- 6 |  7- 9 | 10-12 || total
-------------------------+-------+-------+-------+-------++-------
Melee: Spear             |   105 |   170 |   523 |   483 ||  1281
       Headbutt          |    17 |    29 |   122 |   117 ||   285
Invok: Berserk           |       |       |     2 |     2 ||     4
       Trog's Hand       |       |       |       |     1 ||     1
Evoke: Wand              |       |       |       |     3 ||     3
  Use: Scroll            |     1 |     5 |     9 |     7 ||    22
       Potion            |       |     2 |     1 |     1 ||     4
  Eat: Chunk             |     2 |     5 |    11 |     9 ||    27
       Beef jerky        |       |     1 |     1 |       ||     2
       Fruit             |       |       |     2 |     1 ||     3
       Bread ration      |       |       |     1 |     1 ||     2
Armor: Animal skin       |     6 |       |       |       ||     6
       Ring mail         |    20 |    29 |     7 |       ||    56
       Chain mail        |       |       |   123 |   130 ||   253
Dodge: Dodged            |    45 |    60 |   104 |   127 ||   336
Block: Shield            |       |    58 |   208 |   267 ||   533
